 Dungeon Crawl Stone Soup version 0.25-a0-990-g0adbbaad2a (webtiles) character file.

Game seed: 15369684874543664324, levelgen mode: deterministic

41 Morbidden the Firebug (level 3, -1/18 HPs)
             Began as a Vine Stalker Fire Elementalist on May 10, 2020.
             Slain by an adder (2 damage)
             ... on level 2 of the Dungeon.
             The game lasted 00:02:45 (1851 turns).

Morbidden the Firebug (VSFE)                        Turns: 1851, Time: 00:02:46

Health: -1/18      AC:  2    Str: 10    XL:     3   Next: 52%
Magic:  0/7        EV: 12    Int: 16    God:
Gold:   122        SH:  0    Dex: 14    Spells: 6/7 levels left

rFire    . . .     SeeInvis .   (no weapon)
rCold    . . .     Gourm    .   (no shield)
rNeg     . . .     Faith    .   a - +0 robe
rPois    .         Spirit   +   (no helmet)
rElec    .         Reflect  .   (no cloak)
rCorr    .         Harm     .   (no gloves)
MR       .....                  (no boots)
Stlth    ++........             (no amulet)
HPRegen  0.06/turn              (no ring)
MPRegen  0.10/turn              (no ring)

@: lethally poisoned (-1 -> -8)
A: fangs 2, magic shield, antimagic bite, no potion heal 3, rot immunity
a: no special abilities


You were on level 2 of the Dungeon.
You were not hungry.

You visited 1 branch of the dungeon, and saw 2 of its levels.

You collected 122 gold pieces.

Inventory:

Missiles
 k - 3 silver javelins (quivered)
Armour
 a - a +0 robe (worn)
Jewellery
 l - a +3 ring of protection {unknown}
Scrolls
 b - 3 scrolls of identify {unknown}
 g - 2 scrolls of enchant weapon {unknown}
 h - 3 scrolls of teleportation
 j - a scroll of fog {unknown}
Potions
 d - a potion of curing {unknown}
 e - a potion of cancellation {unknown}
 f - a potion of haste {unknown}
 i - a potion of flight {unknown}
Comestibles
 c - 2 rations


   Skills:
 * Level 1.0 Fighting
 + Level 1.7 Dodging
 + Level 2.4 Stealth
 * Level 2.5 Spellcasting
 * Level 1.8 Conjurations
 * Level 3.4 Fire Magic


You had 6 spell levels left.
You knew the following spells:

 Your Spells              Type           Power        Failure   Level  Hunger
a - Foxfire               Conj/Fire      ##..         7%          1    #......

Your spell library contained the following spells:

 Spells                   Type           Power        Failure   Level  Hunger
 Conjure Flame            Conj/Fire      ##......     21%         3    ###....
 Inner Flame              Hex/Fire       #.......     28%         3    ###....
 Sticky Flame             Conj/Fire      ##......     54%         4    #####..
 Fireball                 Conj/Fire      ##........   88%         5    ######.


Dungeon Overview and Level Annotations

Branches:
Dungeon (2/15)

Altars:
Zin


Innate Abilities, Weirdness & Mutations

You have extremely sharp teeth.
When hurt, damage is shared between your health and your magic reserves.
Your bite disrupts and absorbs the magic of your enemies.
Potions cannot restore your health.
You are immune to rotting.


Message History

You feel sick. The adder closely misses you.
* * * LOW HITPOINT WARNING * * *
You feel sick.
The foxfire hits the adder.
The adder is moderately wounded.
The foxfire hits the adder.
The adder is moderately wounded.
The adder bites you but does no damage.
Unknown command.
Unknown command.
Casting: Foxfire (safe; 7% risk of failure)
Confirm with . or Enter, or press ? or * to list all spells.
You conjure some foxfire!
The adder bites you but does no damage. The adder closely misses you.
* * * LOW HITPOINT WARNING * * *
You feel sick.
The foxfire hits the adder.
The adder is heavily wounded.
The foxfire hits the adder.
The adder is almost dead.
The adder bites you.
You die...

##..###.#.# #..
##.....#.#.# #.#
##.8..#...#.# #.#
#....###.##.# ###.#
#.8..#.#.##.# #...#
#....'_#..#.#######
#.###
#.8..#.#..........#
#.#
#....###.S#######.#
#.# ##.8..#.@.# #.#
#.# ##.....ยงยง#
#.# #.# ##(....##
#.###.# #######
#.....# #####.# ###


You could see an adder.

Vanquished Creatures
  An adder (D:2)
  2 worms (D:2)
  A dart slug (D:2)
  A leopard gecko (D:1)
  A goblin (D:1)
  4 hobgoblins
  3 bats
  3 frilled lizards
  7 kobolds
  3 rats (D:1)
26 creatures vanquished.

Vanquished Creatures (others)
  96 foxfires
96 creatures vanquished.

Grand Total: 122 creatures vanquished

Notes
Turn   | Place    | Note
-------+----------+-------------------------------------------
     0 | D:1      | Morbidden the Vine Stalker Fire Elementalist began the
                  | quest for the Orb.
     0 | D:1      | Reached XP level 1. HP: 9/9 MP: 4/4
   307 | D:1      | Reached XP level 2. HP: 14/14 MP: 4/6
   966 | D:2      | Reached skill level 1 in Fighting
   966 | D:2      | Reached XP level 3. HP: 18/18 MP: 0/7
  1499 | D:2      | Found a glowing silver altar of Zin.
  1851 | D:2      | Slain by an adder

Illustrated notes

Levels and vault maps discovered:
D:1:      denvon_arrival_hothouse, layout_rooms
D:2:      layout_basic, zin_statuary

Skill      XL: |  1  2 |
---------------+-------+-----
Fighting       | 1 |  1.0
Dodging        | |  1.7
Stealth        | |  2.4
Spellcasting   | |  2.5
Conjurations   | |  1.8
Fire Magic     | |  3.4

Action                   || total
-------------------------++-------
Melee: Unarmed           ||    14
       Bite              ||     2
 Cast: Foxfire           ||    57
  Use: Scroll            ||     1
 Stab: Sleeping          ||     1
  Eat: Chunk             ||     3
Armor: Robe              ||     4
Dodge: Dodged            ||    12

Table legend:
 A = Non-vault XP
 B = Vault XP
 C = Vault XP percentage of total XP
 D = Non-vault monster count
 E = Vault monster count
 F = Vault count percentage of total count
                 A         B        C        D         E       F
            +---------+---------+-------+---------+---------+-------
      Total |      59 |       0 |   0.0 |      26 |       0 |   0.0
            +---------+---------+-------+---------+---------+-------
        D:1 |      25 |       0 |   0.0 |      18 |       0 |   0.0
        D:2 |      34 |       0 |   0.0 |       8 |       0 |   0.0
            +---------+---------+-------+---------+---------+-------
